 Dungeon Crawl Stone Soup version 0.31-a0-858-g469dc525a8 (webtiles) character file.

Game seed: 8273584336680124981

515 BritishOli the Trooper (level 7, 0/57 HPs)
             Began as a Demonspawn Fighter on Oct 9, 2023.
             Slain by Pikel
             ... wielding a +0 whip of freezing
              (1 damage)
             ... on level 4 of the Dungeon.
             The game lasted 00:02:02 (2987 turns).

BritishOli the Trooper (Demonspawn Fighter)         Turns: 2987, Time: 00:02:03

Health: 0/57       AC:  9    Str: 19    XL:     7   Next: 0%
Magic:  7/7        EV:  9    Int:  9    God:
Gold:   142        SH:  4    Dex: 12    Spells: 6/6 levels left

rFire   . . .        a - +0 war axe
rCold   . . .        c - +0 buckler
rNeg    . . .        b - +0 scale mail
rPois   .            (no helmet)
rElec   .            (no cloak)
rCorr   .            (no gloves)
SInv    .            (no boots)
Will    .....        (no amulet) Stlth
                     (no ring)
HPRegen 0.29/turn    (no ring)
MPRegen 0.10/turn

%: no passive effects
@: no status effects
A: hooves 2, icy blue scales 1, powered by pain 1, spiny 1
a: no special abilities


You were on level 4 of the Dungeon.
You visited 1 branch of the dungeon, and saw 4 of its levels.

You collected 142 gold pieces.

Inventory:

Hand Weapons
 a - a +0 war axe (weapon)
Armour
 b - a +0 scale mail (worn)
 c - a +0 buckler (worn)
Scrolls
 f - 2 scrolls of teleportation {unknown}
 h - a scroll of enchant armour {unknown}
 j - 2 scrolls of blinking {unknown}
 k - 2 scrolls of identify {unknown}
Potions
 d - a potion of might
 e - 2 potions of ambrosia {unknown}
 g - a potion of berserk rage {unknown}
 i - a potion of cancellation {unknown}
 l - a potion of lignification {unknown}


   Skills:
 * Level 5.8 Fighting
 + Level 3.6 Axes
 + Level 4.3 Armour
 - Level 3.0 Shields


You had 6 spell levels left.
You didn't know any spells.
Your spell library contained the following spells:

 Spells                   Type           Power      Damage    Failure   Level
 Apportation              Tloc           0%         N/A       83%         1
 Necrotise                Necr           0%         1d4       83%         1
 Jinxbite                 Hex            0%         N/A       92%         2
 Vampiric Draining        Necr           0%         2d6       99%         3
 Agony                    Necr           0%         N/A       100%        5
 Alistair's Intoxication  Tmut/Pois      0%         N/A       100%        5


Dungeon Overview and Level Annotations

Branches:
Dungeon (4/15)
 Temple: D:4-7

Altars:

Annotations:
D:4 Pikel


Innate Abilities, Weirdness & Mutations

You have hoof-like feet.
You are partially covered in icy blue scales. (AC +2)
You sometimes gain a little power by taking damage.
You are partially covered in sharp spines.


Message History

Pikel freezes you. Pikel closely misses you.
Pikel hits you with a +0 whip of freezing.
Pikel freezes you. Pikel barely misses you. Pikel is struck by your spines.
Pikel hits you with a +0 whip of freezing!
Pikel freezes you. Pikel barely misses you.
Pikel hits you with a +0 whip of freezing.
Pikel freezes you. You block Pikel's attack. Pikel is struck by your spines.
Pikel barely misses you. Pikel is struck by your spines.
Pikel hits you but does no damage.
Pikel hits you with a +0 whip of freezing!
* * * LOW HITPOINT WARNING * * *
Pikel freezes you.
* * * LOW HITPOINT WARNING * * *
Pikel hits you with a +0 whip of freezing.
* * * LOW HITPOINT WARNING * * *
Pikel freezes you.
* * * LOW HITPOINT WARNING * * *
You block Pikel's attack. Pikel closely misses you. You block Pikel's attack.
Pikel is struck by your spines. Pikel hits you but does no damage.
Pikel is struck by your spines. Pikel hits you but does no damage.
Pikel says, "All the demons know me.
They respect me."
Pikel hits you with a +0 whip of freezing.
* * * LOW HITPOINT WARNING * * *
Pikel freezes you.
* * * LOW HITPOINT WARNING * * *
You block Pikel's attack.
Pikel hits you with a +0 whip of freezing.
* * * LOW HITPOINT WARNING * * *
Pikel freezes you.
* * * LOW HITPOINT WARNING * * *
Pikel hits you with a +0 whip of freezing.
You die...
Pikel says, "Another soul for the market."

#.##..## #..........#
..###..## #..........#
### ##..## #..........#
##..###..........#
########...........<..#
.....# #####..#########
.....# ##...## .....#
###..## .....# ##@.#
###### ##K# r5# 55o.
..... ...>... .......
.......


You could see Pikel, 3 lemures, an orc and a quokka.

Vanquished Creatures
  Sigmund (D:2)
  A black bear (D:4)
  A phantom (D:4)
  An orc wizard (D:3)
  Robin (D:3)
  5 adders
  5 worms (D:2)
  3 dart slugs
  9 orcs
  3 endoplasms
  3 giant cockroaches (D:2)
  12 hobgoblins
  3 jackals (D:1)
  5 quokkas
  7 ball pythons
  8 bats
  2 frilled lizards (D:1)
  11 goblins
  7 kobolds
  4 rats
92 creatures vanquished.

Notes
Turn   | Place    | Note
-------+----------+-------------------------------------------
     0 | D:1      | BritishOli the Demonspawn Fighter began the quest for the
                  | Orb.
     0 | D:1      | Reached XP level 1. HP: 18/18 MP: 1/1
   194 | D:1      | Gained mutation: You sometimes gain a little power by
                  | taking damage. [demonic ancestry]
   194 | D:1      | Reached XP level 2. HP: 21/24 MP: 2/2
   566 | D:1      | Gained mutation: You have large cloven feet. [demonic
                  | ancestry]
   566 | D:1      | Reached XP level 3. HP: 29/29 MP: 3/3
  1042 | D:2      | Found a faded altar of an unknown god.
  1276 | D:2      | Gained mutation: You have hoof-like feet. [demonic
                  | ancestry]
  1276 | D:2      | Reached XP level 4. HP: 37/37 MP: 4/4
  1386 | D:2      | Reached skill level 4 in Fighting
  1404 | D:2      | Noticed Sigmund
  1419 | D:2      | Killed Sigmund
  1420 | D:2      | Reached XP level 5. HP: 11/43 MP: 5/5
  1947 | D:3      | Noticed Robin
  1955 | D:3      | Reached skill level 5 in Fighting
  1963 | D:3      | Gained mutation: You are partially covered in sharp spines.
                  | [demonic ancestry]
  1963 | D:3      | Reached XP level 6. HP: 42/51 MP: 6/6
  1975 | D:3      | Killed Robin
  2951 | D:4      | Noticed Pikel
  2958 | D:4      | Gained mutation: You are partially covered in icy blue
                  | scales. (AC +2) [demonic ancestry]
  2958 | D:4      | Reached XP level 7. HP: 57/57 MP: 7/7
  2984 | D:4      | HP: 2/57 [Pikel/+0 whip of freezing (1)]
  2987 | D:4      | Slain by Pikel

Illustrated notes

Levels and vault maps discovered:
D:1:      amcnicky_arrival_wind_blow, layout_basic
D:2:      layout_loops_ring, chequers_ecumenical_altar_simple,
          minmay_indecisive_spiral, uniq_sigmund
D:3:      layout_loops_corners, uniq_robin
D:4:      layout_basic, mainiacjoe_overflow_surrounded_room, uniq_pikel

Skill      XL: |  1  2  3  4  5  6 |
---------------+-------------------+-----
Axes           | 2 3 |  3.6
Armour         | 3 4 |  4.3
Shields        | 3 |  3.0
Fighting       | 4 5 |  5.8

Action                     |  1- 3 |  4- 6 |  7- 9 || total
---------------------------+-------+-------+-------++-------
  Melee: War axe           |   108 |   100 |       ||   208
         Kick              |    14 |    26 |       ||    40
   Stab: Distracted        |     1 |       |       ||     1
 Armour: Scale mail        |    95 |   101 |    19 ||   215
  Dodge: Dodged            |    36 |    56 |     6 ||    98
  Block: Buckler           |    31 |    31 |     5 ||    67

Table legend: (Time is in decaauts)
 A = Elapsed time spent in this place.
 B = Non-inter-level travel time spent in this place.
 C = Inter-level travel time spent in this place.
 D = Time resting spent in this place.
 E = Time spent auto-exploring this place.
 F = Levels seen in this place.
 G = Mean time per level.
                   A        B        C        D        E       F      G
               +--------+--------+--------+--------+--------+-----+--------+
         Total |   3072 |   2999 |     73 |    189 |   2277 |   4 |  768.0 |
       Dungeon |   3072 |   2999 |     73 |    189 |   2277 |   4 |  768.0 |
               +--------+--------+--------+--------+--------+-----+--------+

Top non-repeatable levels by time:
     D:1: 958 daAuts
     D:3: 915 daAuts
     D:2: 870 daAuts
     D:4: 327 daAuts
